 Dungeon Crawl Stone Soup version 0.29.1-12-g30fa7ad0bf (webtiles) character file.

Game seed: 16303182785459891686

14810 javelincjr the Destroyer (level 11, -1/89 HPs)
             Began as a Black Draconian Conjurer on Jan 11, 2023.
             Was an Elder of Vehumet.
             Slain by a boulder beetle (32 damage)
             ... on level 10 of the Dungeon.
             The game lasted 02:08:09 (15006 turns).

javelincjr the Destroyer (DrCj)                    Turns: 15006, Time: 02:08:10

Health: -1/89      AC: 13    Str:  9    XL:     11   Next: 93%
Magic:  11/23      EV: 16    Int: 23    God:    Vehumet [****..]
Gold:   435        SH:  0    Dex: 16    Spells: 12/27 levels left

rFire   . . .      SeeInvis +   E - +9 trident (vamp)
rCold   . . .      Faith    .   (no shield)
rNeg    + . .      Spirit   .   (body armour unavailable)
rPois   .          Reflect  .   n - +2 hat
rElec   +          Harm     .   G - +0 cloak of the Pleiades {rN+ rCorr}
rCorr   +          Rampage  .   O - +1 pair of gloves
Will    .....      Clarity  +   (no boots)
Stlth   +++.......              o - amulet of magic regeneration
HPRegen 0.24/turn               e - ring of see invisible
MPRegen 0.58/turn               j - +6 ring of dexterity

@: no status effects
A: breathe lightning, AC +7, unfitting armour, electricity resistance,
cold-blooded, clarity, shaggy fur 1
a: Breathe Lightning, Renounce Religion


You were on level 10 of the Dungeon.
You worshipped Vehumet.
Vehumet was greatly pleased with you.
You visited 2 branches of the dungeon, and saw 12 of its levels.
You also visited: Sewer.

You collected 762 gold pieces.
You spent 327 gold pieces at shops.

Inventory:

Hand Weapons
 q - a +1 vampiric short sword
 r - a +1 dagger of draining
 t - a +3 dagger of distortion
 E - a +9 vampiric trident (weapon)
 L - a +4 dagger
 M - a +2 dagger of protection
 N - a +1 dagger of freezing
Missiles
 y - 3 javelins
 F - 9 boomerangs
 I - 23 poisoned darts
 R - 6 curare-tipped darts
Armour
 n - a +2 hat (worn)
 G - the +0 cloak of the Pleiades (worn) {rN+ rCorr}
   (You found it on level 6 of the Dungeon)

   rN:        It protects you from negative energy.
   rCorr:     It protects you from acid and corrosion.
 O - a +1 pair of gloves (worn)
 U - a +2 cloak
Magical Staves
 K - a staff of poison
Jewellery
 e - a ring of see invisible (left hand)
 j - a +6 ring of dexterity (right hand)
 m - a ring of protection from cold
 o - an amulet of magic regeneration (around neck)
 x - a ring of willpower
 H - a +6 ring of strength
Wands
 f - a wand of mindburst (16)
 p - a wand of polymorph (5)
 D - a wand of roots (5)
 P - a wand of charming (12)
 T - a wand of acid (5)
Scrolls
 b - 6 scrolls of teleportation
 d - 2 scrolls of amnesia
 g - 4 scrolls of magic mapping
 i - a scroll of fog
 l - a scroll of enchant armour
 s - a scroll of brand weapon
 w - a scroll of silence
 J - a scroll of fear {unknown}
 Q - 5 scrolls of identify
 S - 3 scrolls of blinking
Potions
 a - 3 potions of mutation
 c - a potion of haste
 h - a potion of cancellation
 k - 6 potions of ambrosia
 u - 2 potions of might
 v - a potion of brilliance
 z - a potion of berserk rage
 A - a potion of magic
 B - a potion of heal wounds
 C - 3 potions of flight


   Skills:
 + Level 5.9 Fighting
 + Level 4.7 Short Blades
 + Level 6.1 Polearms
 + Level 7.4 Dodging
 + Level 5.3 Stealth
 + Level 8.9 Spellcasting
 + Level 10.0 Conjurations
 + Level 1.4 Hexes
 + Level 4.2 Translocations
 + Level 1.9 Air Magic
 + Level 1.5 Poison Magic


You had 12 spell levels left.
You knew the following spells:

 Your Spells              Type           Power      Damage    Failure   Level
a - Magic Dart            Conj           100%       1d8       1%          1
b - Searing Ray           Conj           100%       2d8       1%          2
c - Mephitic Cloud        Conj/Pois/Air  31%        N/A       1%          3
d - Iskenderun's Mystic   Conj/Tloc      43%        2d10      1%          4
e - Shock                 Conj/Air       100%       1d9       1%          1
f - Fulminant Prism       Conj/Hex       18%        3d11      1%          4

Your spell library contained the following spells:

 Spells                   Type           Power      Damage    Failure   Level
 Sticky Flame             Conj/Fire      33%        2d5       2%          4
 Freeze                   Ice            40%        1d6       1%          1
 Dazzling Flash           Conj/Hex       72%        N/A       1%          3
 Hailstorm                Conj/Ice       33%        3d8       2%          4
 Ignite Poison            Fire/Tmut/Pois 12%        N/A       4%          3
 Frozen Ramparts          Ice            20%        1d4       5%          3
 Irradiate                Conj/Tmut      16%        3d17      6%          5
 Call Imp                 Summ           10%        N/A       10%         2
 Sublimation of Blood     Necr           10%        N/A       10%         2
 Freezing Cloud           Conj/Ice/Air   14%        6-21      10%         5
 Petrify                  Tmut/Erth      10%        N/A       54%         4


Dungeon Overview and Level Annotations

Branches:
Dungeon (11/15)            Temple (1/1) D:6            Lair (0/5) D:8
    Orc (0/2) D:11          Sewer (visited)

Altars:
Ashenzari
Cheibriados
Dithmenos
Elyvilon
Fedhas
Gozag
Hepliaklqana
Kikubaaqudgha
Makhleb
Nemelex Xobeh
Okawaru
Qazlal
Ru
Sif Muna
Trog
Uskayaw
Vehumet
Wu Jian
Xom
Yredelemnul
Zin
The Shining One

Shops:
D:2 ?   D:4 *(   D:10 ?*   D:11 *

Annotations:
D:5 BillyBaka's ghost, novice MiFi


Innate Abilities, Weirdness & Mutations

You can breathe wild blasts of lightning.
Your glossy black scales are hard. (AC +7)
You cannot fit into any form of body armour.
You are resistant to electric shocks. (rElec)
You are cold-blooded and may be slowed by cold attacks.
You possess an exceptional clarity of mind.
You are covered in fur. (AC +1)


Message History

There is a stone staircase leading down here.
Cast which spell? (? or * to list)
You erupt in a blast of force!
The mystic blast hits the boulder beetle but does no damage.
The boulder beetle bites you!
Casting: Iskenderun's Mystic Blast (mildly dangerous; 1% risk of failure)
Confirm with . or Enter, or press ? or * to list all spells.
You erupt in a blast of force!
The mystic blast hits the boulder beetle but does no damage.
The boulder beetle closely misses you.
Casting: Iskenderun's Mystic Blast (mildly dangerous; 1% risk of failure)
Confirm with . or Enter, or press ? or * to list all spells.
You erupt in a blast of force!
The mystic blast hits the boulder beetle but does no damage.
The boulder beetle closely misses you.
Casting: Iskenderun's Mystic Blast (mildly dangerous; 1% risk of failure)
Confirm with . or Enter, or press ? or * to list all spells.
Okay, then.
Casting: Iskenderun's Mystic Blast (mildly dangerous; 1% risk of failure)
Confirm with . or Enter, or press ? or * to list all spells.
Aiming: Mephitic Cloud (safe; 1% risk of failure)
Press: ? - help, Shift-Dir - straight line The ball explodes into a vile cloud!
The stinking cloud engulfs the boulder beetle but does no damage.
The boulder beetle is engulfed in noxious fumes.
The boulder beetle bites you!
Okay, then.
Okay, then.
Casting: Mephitic Cloud (safe; 1% risk of failure)
Confirm with . or Enter, or press ? or * to list all spells.
You erupt in a blast of force!
The mystic blast hits the boulder beetle!
The boulder beetle is moderately wounded.
The boulder beetle is engulfed in noxious fumes.
The boulder beetle leaps!
The boulder beetle curls into a ball and begins rolling!
The boulder beetle enters a dispersal trap!
You blink.
The boulder beetle hits you!!
You die...

....................# #..B....
....#.##..........#.## #.......
....#.##.............#####.......
......##.........##..............
...##.##.........###......#######
##.##..#..........##....°># ##
##....................B°..# #.
####.......######.##......# #. #
#............@B○#○.....# #. #
#......########.°......######. #
#......# ##........#..... #
#......# #..........##.. #
#.###.## ##............. #
#.###.### #............. #
##...#...##### #.............
###............## #.............
.#..............## ##.##.........


You could see a boulder beetle (rolling).

Vanquished Creatures
  2 hydras (D:11)
  An ugly thing (D:11)
  A cyclops (D:11)
  2 unseen horror zombies (D:9)
  Psyche (D:8)
  An unseen horror (D:10)
  A komodo dragon (D:8)
  A queen bee (D:9)
  2 hornets
  Prince Ribbit (D:5)
  A wyvern (D:9)
  A wraith (D:11)
  2 shadows
  Grum (D:8)
  12 yaks
  A water moccasin (D:7)
  8 orc warriors
  4 sky beasts
  2 black bears
  7 ice beasts
  3 ogres
  2 wolves (D:8)
  5 phantoms (D:5)
  5 centaurs
  5 kobold brigands
  6 bullfrogs
  Blork the orc (D:5)
  A gnoll sergeant (D:6)
  2 necrophages
  A scorpion (D:6)
  A wyvern zombie (D:5)
  9 wights
  31 killer bees
  10 howler monkeys
  4 electric eels (D:7)
  A spectral centaur (D:6)
  A bullfrog zombie (D:5)
  3 centaur skeletons
  A centaur zombie (D:9)
  A wyvern simulacrum (D:9)
  5 orc priests
  6 hounds
  3 bullfrog skeletons (D:5)
  A gnoll bouda (D:9)
  3 iguanas
  2 scorpion zombies (D:5)
  11 orc wizards
  3 killer bee zombies
  3 hound zombies (D:5)
  A hound skeleton (D:5)
  Robin (D:3)
  7 gnolls
  5 adders
  2 river rats (Sewer)
  A shadow imp (D:6)
  2 white imps
  3 ufetubi
  An adder zombie (D:5)
  4 worms
  16 dart slugs
  52 orcs
  10 ball pythons
  8 endoplasms
  A giant cockroach (D:4)
  17 goblins
  5 hobgoblins
  4 jackals
  4 quokkas
  5 bats
  3 frilled lizards
  29 kobolds
  10 rats
373 creatures vanquished.

Vanquished Creatures (others)
  A wight (D:8)
  20 fulminant prisms
  41 plants
  8 withered plants (D:5)
70 creatures vanquished.

Grand Total: 443 creatures vanquished

Notes
Turn   | Place    | Note
-------+----------+-------------------------------------------
     0 | D:1      | javelincjr the Draconian Conjurer began the quest for the
                  | Orb.
     0 | D:1      | Reached XP level 1. HP: 14/14 MP: 3/3
   388 | D:1      | Reached XP level 2. HP: 20/20 MP: 3/5
   484 | D:1      | Found a faded altar of an unknown god.
   703 | D:1      | Learned a level 2 spell: Searing Ray
  1249 | D:2      | Found Cepraf's Magic Scroll Emporium.
  1257 | D:2      | Bought a scroll of identify for 20 gold pieces
  1295 | D:2      | Reached XP level 3. HP: 26/26 MP: 6/6
  1874 | D:2      | Reached skill level 5 in Conjurations
  2615 | D:3      | Noticed Robin
  2632 | D:2      | Reached XP level 4. HP: 31/33 MP: 1/7
  2968 | D:3      | Killed Robin
  3448 | D:3      | Found a broken altar of Ashenzari.
  3508 | D:3      | Reached skill level 1 in Short Blades
  3782 | D:4      | Reached XP level 5. HP: 23/39 MP: 2/8
  3982 | D:4      | Found Enop's Antique Weapon Boutique.
  4012 | D:4      | Reached skill level 1 in Fighting
  4302 | D:4      | Found Huysicwi's General Store.
  4493 | D:4      | Noticed a black bear
  4506 | D:4      | Killed a black bear
  4507 | D:4      | Reached XP level 6. HP: 40/47 MP: 6/10
  4735 | D:5      | Entered Level 5 of the Dungeon
  4806 | D:5      | Your scales start taking on a glossy black colour.
  4806 | D:5      | Reached XP level 7. HP: 44/55 MP: 3/12
  4806 | D:5      | Gained mutation: You are resistant to electric shocks.
                  | (rElec) [Black Draconian growth]
  5083 | D:5      | Gained mutation: You possess an exceptional clarity of
                  | mind. [potion of mutation]
  5083 | D:5      | Gained mutation: You are covered in fur. (AC +1) [potion of
                  | mutation]
  5155 | D:5      | Reached skill level 6 in Conjurations
  5226 | D:5      | Reached XP level 8. HP: 39/62 MP: 9/14
  5590 | D:5      | Noticed Prince Ribbit
  5675 | D:5      | Reached skill level 5 in Spellcasting
  5684 | D:5      | Killed Prince Ribbit
  5685 | D:5      | Reached skill level 7 in Conjurations
  5910 | D:5      | Learned a level 3 spell: Mephitic Cloud
  6140 | D:5      | Found a hazy altar of Hepliaklqana.
  6152 | D:5      | Noticed Blork the orc
  6157 | D:5      | Killed Blork the orc
  6184 | D:6      | Found a staircase to the Ecumenical Temple.
  6186 | D:6      | Reached XP level 9. HP: 70/70 MP: 17/17
  6282 | D:6      | Found a glowing drain.
  6315 | Sewer    | Entered a sewer
  6594 | Sewer    | Found a white marble altar of Elyvilon.
  6847 | D:6      | Reached skill level 1 in Poison Magic
  6859 | D:6      | Reached skill level 5 in Dodging
  7097 | D:6      | Identified the +0 cloak of the Pleiades {rN+ rCorr}
  7110 | D:6      | Found a runed translucent gate.
  7110 | D:6      | Found a runed translucent gate.
  7110 | D:6      | Found a runed translucent gate.
  7110 | D:6      | Noticed BillyBaka's ghost (novice MiFi)
  7562 | Temple   | Entered the Ecumenical Temple
  7603 | Temple   | Learned a level 4 spell: Iskenderun's Mystic Blast
  7609 | Temple   | Became a worshipper of Vehumet
  7803 | D:5      | Reached skill level 1 in Translocations
  8342 | D:7      | Reached skill level 1 in Polearms
  8377 | D:7      | Found a burning altar of Makhleb.
  8410 | D:7      | Found a glowing silver altar of Zin.
  8413 | D:7      | Found a stormy altar of Qazlal.
  8413 | D:7      | Found an opulent altar of Gozag.
  8418 | D:7      | Found a white marble altar of Elyvilon.
  8539 | D:7      | Reached skill level 8 in Conjurations
  8666 | D:7      | Reached XP level 10. HP: 49/80 MP: 19/19
  8668 | D:7      | Reached * piety under Vehumet
  8668 | D:7      | Offered knowledge of Shock by Vehumet.
  8923 | D:7      | Learned a level 1 spell: Shock
  9651 | D:8      | Noticed Psyche
  9662 | D:8      | Killed Psyche
  9811 | D:8      | Noticed Grum
  9821 | D:8      | Killed Grum
  9827 | D:8      | Offered knowledge of Static Discharge by Vehumet.
  9830 | D:8      | Reached ** piety under Vehumet
  9954 | D:8      | Noticed a manticore
  9997 | D:8      | Reached skill level 5 in Polearms
 10345 | D:8      | Found a staircase to the Lair.
 10519 | D:8      | Reached skill level 5 in Fighting
 10979 | D:9      | Paralysed by a hornet for 2 turns
 10984 | D:9      | Paralysed by a hornet for 3 turns
 11700 | D:9      | Reached XP level 11. HP: 51/88 MP: 18/22
 11705 | D:9      | Reached skill level 5 in Stealth
 12004 | D:9      | Offered knowledge of Frozen Ramparts by Vehumet.
 12014 | D:9      | HP: 2/88 [killer bee (8)]
 12673 | D:9      | Reached *** piety under Vehumet
 12706 | D:9      | Reached skill level 1 in Air Magic
 12861 | D:9      | Learned a level 4 spell: Fulminant Prism
 12888 | D:10     | Entered Level 10 of the Dungeon
 12946 | D:9      | Reached skill level 9 in Conjurations
 12990 | D:10     | Offered knowledge of Airstrike by Vehumet.
 13179 | D:10     | Found Isateha's Magic Scroll Emporium.
 13182 | D:10     | Bought a scroll of enchant armour for 82 gold pieces
 13239 | D:10     | Found Qohoubb's General Store.
 13247 | D:10     | Bought 3 scrolls of blinking for 225 gold pieces
 13316 | D:10     | Found a sacrificial altar of Ru.
 13448 | D:11     | Found a staircase to the Orcish Mines.
 13457 | D:11     | Noticed a seven-headed hydra
 13479 | D:11     | Killed a seven-headed hydra
 14181 | D:10     | Reached skill level 1 in Hexes
 14352 | D:11     | Noticed a seven-headed hydra
 14356 | D:11     | Noticed a green ugly thing
 14359 | D:11     | Killed an eight-headed hydra
 14359 | D:11     | Reached **** piety under Vehumet
 14410 | D:11     | Killed a green ugly thing
 14449 | D:11     | Offered knowledge of Sticky Flame by Vehumet.
 14462 | D:11     | Noticed a boulder beetle
 14463 | D:11     | Noticed an ogre mage
 14673 | D:11     | Found the +4 robe of Augmentation {Str+4 Int+4 Dex+4}
 14673 | D:11     | Found Futioluf's Assorted Antiques.
 14691 | D:11     | Noticed a boulder beetle
 14715 | D:10     | Reached skill level 10 in Conjurations
 15006 | D:10     | Slain by a boulder beetle

Illustrated notes

Levels and vault maps discovered:
D:1:      minmay_arrival_three_doors, layout_basic,
          nicolae_ecumenical_snake_handling
D:2:      layout_basic, serial_shops, nicolae_shop_advertising_works
          [nicolae_subvault_shop_adworks]
D:3:      kennysheep_big_flooded_room, layout_rooms, nicolae_ashenzari_skybound,
          uniq_robin
D:4:      layout_gridville, serial_shops, nicolae_shop_hallway_plus, shop
D:5:      layout_cave_pools, nzn_hepliaklqana_mist_gate, serial_undead,
          serial_undead_b, serial_undead_a, serial_undead_c, serial_undead_e,
          serial_undead_b, serial_undead_a, serial_undead_b, serial_undead_d,
          uniq_blork_the_orc, uniq_prince_ribbit1
D:6:      layout_cave_pools, minmay_temple_entry_junction_2,
          gammafunk_ghost_necromancy, cheibrodos_sewer_entry_drain,
          nicolae_concentric_dashed_squares_wild
D:7:      kennysheep_slugbush, layout_loops_cross, mainiacjoe_overflow_brackets,
          grunt_temple_overflow_open, minmay_fractal_squares_gapless_5
D:8:      minmay_thinvault, layout_basic, david_lair_shrubbed, uniq_grum,
          uniq_psyche
D:9:      layout_roguey, hangedman_weighted_door, minivault_7
D:10:     layout_rooms, mainiacjoe_overflow_cross_hatched, serial_shops, shop,
          kennysheep_mini_moat
D:11:     regret_index_wax_grids, layout_cave_pools, david_orc_2, special_room
          [special_room_orc], serial_shops, nicolae_shop_hallway_stairs
Temple:   nicolae_temple_great_sept

Skill      XL: |  1  2  3  4  5  6  7  8  9 10 11 |
---------------+----------------------------------+-----
Dodging        | 2 3 4 5 7 |  7.4
Stealth        | 2 3 4 5 |  5.3
Conjurations   | 5 6 7 8 10 | 10.0
Short Blades   | 1 2 3 4 |  4.7
Fighting       | 1 2 3 4 5 |  5.9
Spellcasting   | 3 4 5 6 7 8 |  8.9
Poison Magic   | 1 |  1.5
Translocations | 2 4 |  4.2
Polearms       | 2 5 6 |  6.1
Air Magic      | 1 |  1.9
Hexes          | 1 |  1.4

Action                   |  1- 3 |  4- 6 |  7- 9 | 10-12 || total
-------------------------+-------+-------+-------+-------++-------
Melee: Short sword       |    45 |     7 |       |       ||    52
       Tailslap          |     8 |     7 |    35 |    14 ||    64
       Dagger            |       |    54 |   134 |       ||   188
       Trident           |       |       |    61 |   128 ||   189
       Punch             |       |       |     4 |     2 ||     6
 Cast: Magic Dart        |    58 |    23 |    72 |    67 ||   220
       Searing Ray       |     8 |    18 |    60 |    42 ||   128
       Mephitic Cloud    |       |       |     4 |    11 ||    15
       Iskenderun's Myst |       |       |    14 |    89 ||   103
       Shock             |       |       |       |    16 ||    16
       Fulminant Prism   |       |       |       |    20 ||    20
 Abil: Breathe Lightning |       |       |    14 |    28 ||    42
  Use: Scroll            |     3 |     2 |    16 |     9 ||    30
       Potion            |     2 |       |     2 |     5 ||     9
 Stab: Sleeping          |     4 |       |     3 |     1 ||     8
Armor: Skin              |    15 |    31 |   109 |    85 ||   240
Dodge: Dodged            |    30 |    47 |   204 |   248 ||   529
